 Dungeon Crawl Stone Soup version 0.30-a0-365-ge7f957f1db (webtiles) character file.

Game seed: 11042957813770880681

95 jfcaron the Chopper (level 5, -7/45 HPs)
             Began as a Meteoran Reaver on Nov 17, 2022.
             Mangled by an ogre
             ... wielding a +0 giant club
              (19 damage)
             ... on level 3 of the Dungeon.
             The game lasted 00:06:39 (971 turns).

jfcaron the Chopper (Meteoran Reaver)                Turns: 971, Time: 00:06:39

Health: -7/45      AC:  5    Str: 15    XL:     5   Next: 18%
Magic:  10/10      EV: 11    Int: 15    God:
Gold:   65         SH:  5    Dex: 12    Spells: 8/9 levels left

rFire   . . .      SeeInvis .    a - +0 hand axe (vamp)
rCold   . . .      Faith    .    p - +2 buckler
rNeg    . . .      Spirit   .    b - +0 leather armour
rPois   .          Reflect  .    (no helmet)
rElec   .          Harm     .    (no cloak)
rCorr   .          Rampage  .    (no gloves)
Will    .....                    n - +1 pair of boots
Stlth   +.........               (no amulet)
HPRegen 0.27/turn                (no ring)
MPRegen 0.12/turn                (no ring)

@: glowing
A: sense surroundings 1, otherworldly, glowing, explore regen
a: no special abilities


You were on level 3 of the Dungeon.
You visited 1 branch of the dungeon, and saw 3 of its levels.

You collected 65 gold pieces.

Inventory:

Hand Weapons
 a - a +0 vampiric hand axe (weapon)
Missiles
 c - an atropa-tipped dart {!f}
 d - 9 datura-tipped darts {!f}
 e - 5 poisoned darts
Armour
 b - a +0 leather armour (worn)
 n - a +1 pair of boots (worn)
 p - a +2 buckler (worn)
Scrolls
 g - a scroll of poison
Potions
 f - a potion of berserk rage
 i - 2 potions of cancellation
 j - a potion of flight {unknown}
 k - a potion of brilliance {unknown}


   Skills:
 + Level 3.1 Fighting
 + Level 4.5 Axes
 + Level 2.3 Armour
 - Level 3.0 Dodging
 + Level 1.1 Shields
 - Level 2.6 Spellcasting
 - Level 3.6 Conjurations


You had 8 spell levels left.
You knew the following spells:

 Your Spells              Type           Power      Damage    Failure   Level
a - Kiss of Death         Conj/Necr      28%        2d7       17%         1

Your spell library contained the following spells:

 Spells                   Type           Power      Damage    Failure   Level
 Momentum Strike          Conj/Tloc      14%        3d8       26%         2
 Sublimation of Blood     Necr           2%         N/A       45%         2
 Hailstorm                Conj/Ice       7%         3d4       45%         3
 Petrify                  Tmut/Erth      2%         N/A       98%         4
 Irradiate                Conj/Tmut      3%         3d12      99%         5


Dungeon Overview and Level Annotations

Branches:
Dungeon (3/15) Zot: 809

Altars:


Innate Abilities, Weirdness & Mutations

You passively map a small area around you.
You are easily found by Zot.
You glow in the dark.
You regain HP and MP as you explore.


Message History

You open the door.
Found a stone staircase leading down.
There is a stone staircase leading down here.
You climb downwards.
There is a stone staircase leading up here.
Okay, then.
An ogre comes into view. It is wielding a +0 giant club.
The ogre shouts!
You hear a croak.
Throw: 4 darts (atropa) {!f}
Press: ? - help, Shift-Dir - straight line, f - ogre
Aim: an ogre, wielding a +0 giant club (73% to hit, chance to blind on hit: 27%)
You throw an atropa-tipped dart {!f}.
The atropa-tipped dart {!f} barely misses the ogre.
Throw: 3 darts (atropa) {!f}
Press: ? - help, Shift-Dir - straight line, f/p - ogre
Aim: an ogre, wielding a +0 giant club (73% to hit, chance to blind on hit: 27%)
You throw an atropa-tipped dart {!f}.
The atropa-tipped dart {!f} hits the ogre.
The ogre appears confused.
You catch the helpless ogre completely off-guard!
You hit the ogre but do no damage.
The ogre seems less confused.
The ogre closely misses you.
You barely miss the ogre. You hit the ogre.
The ogre is lightly wounded.
The ogre is no longer blind.
The ogre hits you with a +0 giant club!
You hit the ogre.
You feel better.
The ogre is moderately wounded.
The ogre hits you with a +0 giant club!!
Ouch! That really hurt!
* * * LOW HITPOINT WARNING * * *
Throw: 2 darts (atropa) {!f}
Press: ? - help, Shift-Dir - straight line, f/p - ogre
Aim: an ogre, wielding a +0 giant club (moderately wounded, 73% to hit, chance to blind on hit: 27%)
You throw an atropa-tipped dart {!f}.
The atropa-tipped dart {!f} hits the ogre.
The ogre resists.
The ogre is moderately wounded.
The ogre hits you with a +0 giant club!!
You die...

* , * , , * ,
, *, , * , ,
, * , * ,,###
,, , ##.. *,
, ,,*#(.* ,
,##O#######,
,
,,#.@<.....#,
*
#....######.#
** * #...# *
#..., , #..,
* *#.. , , ..
* , .#. , , ,
, ,


You could see an ogre.

Vanquished Creatures
  Natasha (D:2)
  2 adders (D:2)
  3 worms (D:2)
  A bat (D:2)
  6 endoplasms
  3 goblins
  5 hobgoblins
  2 kobolds (D:1)
  2 quokkas (D:2)
  2 ball pythons
  6 frilled lizards
  14 rats
47 creatures vanquished.

Notes
Turn   | Place    | Note
-------+----------+-------------------------------------------
     0 | D:1      | jfcaron the Meteoran Reaver began the quest for the Orb.
     0 | D:1      | Reached XP level 1. HP: 17/17 MP: 5/5
     2 | D:1      | Noticed a vine stalker
     2 | D:1      | Noticed a felid
     4 | D:1      | Noticed a human
     4 | D:1      | Noticed an octopode
     6 | D:1      | Noticed a gargoyle
     6 | D:1      | Noticed a draconian
     8 | D:1      | Noticed a troll
     8 | D:1      | Noticed a ghoul
    10 | D:1      | Noticed a tengu
    10 | D:1      | Noticed a merfolk
    12 | D:1      | Noticed an elf
    12 | D:1      | Noticed a spriggan
    14 | D:1      | Noticed a naga
    14 | D:1      | Noticed an ogre
    18 | D:1      | Noticed a formicid
    20 | D:1      | Noticed a minotaur
    20 | D:1      | Noticed a demonspawn
    22 | D:1      | Noticed an armataur
    22 | D:1      | Noticed a demigod
    24 | D:1      | Noticed an elf
    24 | D:1      | Noticed a vampire
    26 | D:1      | Noticed an armataur
    26 | D:1      | Noticed a gargoyle
    55 | D:1      | Reached XP level 2. HP: 13/25 MP: 6/6
    97 | D:1      | Reached skill level 1 in Armour
   197 | D:1      | Reached XP level 3. HP: 19/30 MP: 8/8
   438 | D:2      | Reached skill level 4 in Axes
   534 | D:2      | Reached XP level 4. HP: 29/37 MP: 9/9
   772 | D:2      | Noticed Natasha
   782 | D:2      | Killed Natasha
   783 | D:2      | Reached skill level 1 in Shields
   783 | D:2      | Reached XP level 5. HP: 37/45 MP: 10/10
   964 | D:3      | Noticed an ogre
   971 | D:3      | Mangled by an ogre

Illustrated notes

Levels and vault maps discovered:
D:1:      kb_arrival_jail, layout_rooms, serial_shops, nicolae_shop_behind_doors
D:2:      layout_basic, minmay_rat_gold_closets, uniq_natasha
D:3:      layout_basic, tso_altar, basic_ecumenical_altar,
          dreamdust_wishing_well, minmay_cupped, uniq_sigmund

Skill      XL: |  1  2  3  4 |
---------------+-------------+-----
Armour         | 1 2 |  2.3
Dodging        | 3 |  3.0
Axes           | 4 |  4.5
Fighting       | 3 |  3.1
Shields        | 1 |  1.1
Spellcasting   | |  2.6
Conjurations   | |  3.6

Action                   |  1- 3 |  4- 6 || total
-------------------------+-------+-------++-------
Melee: Hand axe          |    84 |    76 ||   160
Throw: Dart              |     3 |     7 ||    10
  Use: Scroll            |       |     6 ||     6
 Stab: Invisible         |       |     2 ||     2
Armor: Leather armour    |    25 |    16 ||    41
Dodge: Dodged            |    31 |    15 ||    46
Block: Buckler           |       |    17 ||    17

Table legend: (Time is in decaauts)
 A = Elapsed time spent in this place.
 B = Non-inter-level travel time spent in this place.
 C = Inter-level travel time spent in this place.
 D = Time resting spent in this place.
 E = Time spent auto-exploring this place.
 F = Levels seen in this place.
 G = Mean time per level.
                   A        B        C        D        E       F      G
               +--------+--------+--------+--------+--------+-----+--------+
         Total |    989 |    977 |     12 |      0 |    631 |   3 |  329.7 |
       Dungeon |    989 |    977 |     12 |      0 |    631 |   3 |  329.7 |
               +--------+--------+--------+--------+--------+-----+--------+

Top non-repeatable levels by time:
     D:2: 582 daAuts
     D:1: 399 daAuts
     D:3: 8 daAuts
